 Dungeon Crawl Stone Soup version 0.30-a0-219-gf2db51d15e (webtiles) character file.

Game seed: 4871562834181457444

1661 blackman the Prestidigitator (level 9, -3/63 HPs)
             Began as a Human Delver on Oct 7, 2022.
             Was an Initiate of Trog.
             Slain by an ogre
             ... wielding a +0 giant club
              (23 damage)
             ... on level 7 of the Dungeon.
             The game lasted 00:10:07 (2833 turns).

blackman the Prestidigitator (Human Delver)         Turns: 2833, Time: 00:10:08

Health: -3/63      AC:  7    Str: 13    XL:     9   Next: 20%
Magic:  9/9        EV: 11    Int: 10    God:    Trog [......]
Gold:   88         SH:  0    Dex: 19    Spells: 8/8 levels left

rFire   . . .      SeeInvis .    y - +4 long sword
rCold   . . .      Faith    .    (no shield)
rNeg    . . .      Spirit   .    w - +0 swamp dragon scales
rPois   +          Reflect  .    (no helmet)
rElec   .          Harm     .    (no cloak)
rCorr   .          Rampage  .    (no gloves)
Will    .....                    (no boots)
Stlth   ++........               (no amulet)
HPRegen 0.30/turn                (no ring)
MPRegen 0.11/turn                (no ring)

@: no status effects
A: no striking features
a: Renounce Religion


You were on level 7 of the Dungeon.
You worshipped Trog.
Trog was noncommittal.
You visited 1 branch of the dungeon, and saw 3 of its levels.
You also visited: Sewer.

You collected 88 gold pieces.

Inventory:

Hand Weapons
 v - a +0 scimitar
 y - a +4 long sword (weapon)
Armour
 b - a +0 leather armour
 i - a +1 ring mail
 w - +0 swamp dragon scales (worn)
Jewellery
 p - a ring of magical power
 B - a ring of positive energy
Wands
 g - a wand of digging (3)
 k - a wand of mindburst (3)
Scrolls
 a - 2 scrolls of amnesia {unknown}
 c - a scroll of fog
 d - a scroll of magic mapping
 e - a scroll of fear
 j - a scroll of poison
 m - 2 scrolls of enchant armour
 q - a scroll of vulnerability
 r - a scroll of blinking {unknown}
 s - 2 scrolls of teleportation
 x - a scroll of identify
 C - a scroll of noise {unknown}
Potions
 f - 3 potions of attraction
 h - a potion of curing
 n - a potion of flight {unknown}
 o - a potion of might {unknown}
 t - a potion of magic {unknown}
 u - a potion of brilliance {unknown}
 z - a potion of degeneration {unknown}
 A - 2 potions of resistance {unknown}


   Skills:
 - Level 3.0 Fighting
 * Level 6.6 Long Blades
 - Level 2.0 Dodging
 - Level 5.0 Stealth
 - Level 9.1 Evocations


You had 8 spell levels left.
You didn't know any spells.
Your spell library was empty.

Dungeon Overview and Level Annotations

Branches:
Dungeon (7/15)              Sewer (visited)
 Temple: D:4-7

Altars:
Trog
Vehumet
Wu Jian


Message History

Found a chain mail.
a - 2 scrolls labelled UKEESU MEADOUR (gained 1)
s - 2 scrolls of teleportation (gained 1)
C - a scroll labelled ZUPTAU XOVEO You now have 88 gold pieces (gained 13).
An ogre comes into view. It is wielding a +0 giant club.
An ogre is nearby!
An ogre is nearby!
An ogre is nearby!
Found a silvery potion.
The ogre shouts!
Unknown command.
Aiming: Paralyse
Press: ? - help, Shift-Dir - straight line, f - ogre
Aim: an ogre, wielding a +0 giant club (chance to affect: 69%)
Okay, then.
Unknown command.
Aiming: Paralyse
Press: ? - help, Shift-Dir - straight line, f - ogre
Aim: an ogre, wielding a +0 giant club (chance to affect: 69%)
The ogre struggles to resist.
Unknown command.
Found a ring mail.
The ogre hits you with a +0 giant club.
You barely miss the ogre. You hit the ogre but do no damage.
The ogre hits you with a +0 giant club!!
You closely miss the ogre. The ogre barely misses you.
Aiming: Paralyse
Press: ? - help, Shift-Dir - straight line, f/p - ogre
Aim: an ogre, wielding a +0 giant club (chance to affect: 69%)
The ogre struggles to resist.
The now-empty wand crumbles to dust.
The ogre hits you with a +0 giant club!
Aiming: Mindburst
Press: ? - help, Shift-Dir - straight line, f/p - ogre
Aim: an ogre, wielding a +0 giant club (chance to affect: 88%)
The ogre's mind is blasted!!
You barely miss the ogre.
The ogre is almost dead.
The ogre hits you with a +0 giant club!!
You die...

#...............#
#....#.....###### ....
##....#####.# ....
..##### #.# ..... #.#
#.#######..... #.#
#.............
#+#########.............
..........#..........!..
..........#.....@.....#
..........#......O....#
..........#...........#
.<........#...........#
........# #............[
###....###..............
.......# #..............
.......# #...####'####..
†..#####


You could see an ogre.

Vanquished Creatures
  A deep elf zephyrmancer (D:6)
  Maggie (D:6)
  A steam dragon (D:6)
  A sky beast (D:6)
  A black bear (D:6)
  2 bullfrogs
  A necrophage (D:6)
  5 wights (D:6)
  A howler monkey (D:6)
  A hound (D:5)
  2 iguanas (D:6)
  5 adders
  2 river rats (Sewer)
  2 white imps
  3 ufetubi (D:5)
  2 ball pythons (Sewer)
  5 frilled lizards (Sewer)
  2 rats (Sewer)
38 creatures vanquished.

Vanquished Creatures (others)
  A demonic plant (D:5)
1 creature vanquished.

Grand Total: 39 creatures vanquished

Notes
Turn   | Place    | Note
-------+----------+-------------------------------------------
     0 | D:5      | blackman the Human Delver began the quest for the Orb.
     0 | D:5      | Reached XP level 1. HP: 18/18 MP: 1/1
     4 | D:5      | Noticed a hound
    28 | D:5      | Killed a hound
    29 | D:5      | Reached XP level 2. HP: 12/24 MP: 2/2
    29 | D:5      | Reached XP level 3. HP: 15/29 MP: 3/3
   323 | D:5      | Reached XP level 4. HP: 8/35 MP: 4/4
   588 | D:6      | Noticed a black bear
   593 | D:6      | Noticed a wight
   594 | D:6      | Killed a black bear
   594 | D:6      | Noticed a wight
   595 | D:6      | Reached skill level 5 in Long Blades
   595 | D:6      | Reached XP level 5. HP: 25/41 MP: 5/5
   612 | D:6      | Reached XP level 6. HP: 34/47 MP: 6/6
   678 | D:6      | Found a bloodstained altar of Trog.
   716 | D:6      | Noticed a steam dragon
   718 | D:6      | Killed a steam dragon
   719 | D:6      | Reached skill level 2 in Evocations
   719 | D:6      | Reached XP level 7. HP: 52/52 MP: 7/7
   731 | D:6      | Reached skill level 3 in Evocations
   798 | D:6      | Reached skill level 4 in Evocations
   809 | D:6      | Reached skill level 5 in Evocations
   828 | D:6      | Became a worshipper of Trog the Wrathful
   892 | D:6      | Found a radiant altar of Vehumet.
   934 | D:6      | Reached XP level 8. HP: 48/58 MP: 8/8
   974 | D:6      | Found an ornate altar of the Wu Jian Council.
  1037 | D:6      | Found a glowing drain.
  1047 | Sewer    | Entered a sewer
  2016 | D:6      | Noticed Maggie
  2038 | D:6      | Killed Maggie
  2039 | D:6      | Reached skill level 7 in Evocations
  2058 | D:6      | Identified the +4 spear "Ahie" {drain, +Blink rF+ MP+9}
  2155 | D:6      | Noticed a deep elf zephyrmancer
  2166 | D:6      | Killed a deep elf zephyrmancer
  2167 | D:6      | Reached skill level 9 in Evocations
  2167 | D:6      | Reached XP level 9. HP: 15/63 MP: 9/9
  2833 | D:7      | Slain by an ogre

Illustrated notes

Levels and vault maps discovered:
D:5:      layout_loops_corners, serial_demonic, serial_demonic_d,
          serial_demonic_d, serial_demonic_e, serial_demonic_c,
          serial_demonic_a, serial_demonic_c, serial_demonic_e,
          serial_demonic_b, roderic_roman_lattice,
          nicolae_elevator_lobby_asterisk
D:6:      layout_rooms, bloody_trog, nzn_wu_jian_contemplation,
          overflow_temple_1_default, gup_sewer_entry_glass,
          amcnicky_mini_corridor_feature, guppyfry_early_elven_hall, uniq_maggie
D:7:      layout_basic, temple_green, kennysheep_generic_room_16

Skill      XL: |  1  2  3  4  5  6  7  8 |
---------------+-------------------------+-----
Long Blades    | 3 4 5 6 |  6.6
Evocations     | 2 5 9 |  9.1
Fighting       | |  3.0
Dodging        | |  2.0
Stealth        | |  5.0

Action                   |  1- 3 |  4- 6 |  7- 9 || total
-------------------------+-------+-------+-------++-------
Melee: Falchion          |    57 |     1 |   122 ||   180
       Punch             |       |       |     3 ||     3
       Scimitar          |       |       |    20 ||    20
       Long sword        |       |       |     8 ||     8
Evoke: Wand              |       |     9 |    18 ||    27
  Use: Potion            |     1 |       |       ||     1
       Scroll            |       |     1 |     6 ||     7
 Stab: Paralysed         |       |       |    21 ||    21
       Sleeping          |       |       |     2 ||     2
       Distracted        |       |       |     1 ||     1
Armor: Leather armour    |     3 |       |       ||     3
       Ring mail         |    20 |       |    35 ||    55
       Swamp dragon scal |       |       |     3 ||     3
Dodge: Dodged            |    68 |       |    64 ||   132

Table legend: (Time is in decaauts)
 A = Elapsed time spent in this place.
 B = Non-inter-level travel time spent in this place.
 C = Inter-level travel time spent in this place.
 D = Time resting spent in this place.
 E = Time spent auto-exploring this place.
 F = Levels seen in this place.
 G = Mean time per level.
                   A        B        C        D        E       F      G
               +--------+--------+--------+--------+--------+-----+--------+
         Total |   2880 |   2840 |     40 |   1127 |    812 |   4 |  720.0 |
       Dungeon |   1927 |   1887 |     40 |    720 |    523 |   3 |  642.3 |
         Sewer |    953 |    953 |      0 |    407 |    289 |   1 |  953.0 |
               +--------+--------+--------+--------+--------+-----+--------+

Top non-repeatable levels by time:
     D:6: 1243 daAuts
   Sewer: 953 daAuts
     D:5: 544 daAuts
     D:7: 140 daAuts
